 Dungeon Crawl Stone Soup version 0.28-a0-1435-g82390b3a13 (webtiles) character file.

Game seed: 5233332219715298338

113 hashsling the Poker (level 4, -6/35 HPs)
             Began as a Merfolk Gladiator on Jan 9, 2022.
             Killed from afar by an orc wizard (9 damage)
             ... with a puff of flame
             ... on level 3 of the Dungeon.
             The game lasted 00:10:23 (1985 turns).

hashsling the Poker (Merfolk Gladiator)             Turns: 1985, Time: 00:10:23

Health: -6/35      AC:  4    Str: 14    XL:     4   Next: 96%
Magic:  4/4        EV: 14    Int:  7    God:
Gold:   83         SH:  0    Dex: 17    Spells: 3/3 levels left

rFire   . . .      SeeInvis .   a - +0 trident (flame)
rCold   . . .      Faith    .   (no shield)
rNeg    . . .      Spirit   .   b - +0 leather armour
rPois   .          Reflect  .   c - +0 helmet
rElec   .          Harm     .   (no cloak)
rCorr   .          Rampage  .   (no gloves)
Will    .....                   (no boots)
Stlth   +.........              (no amulet)
HPRegen 0.11/turn               (no ring)
MPRegen 0.09/turn               (no ring)

@: no status effects
A: (nimble swimmer 2), mertail
a: no special abilities


You were on level 3 of the Dungeon.
You visited 1 branch of the dungeon, and saw 3 of its levels.

You collected 83 gold pieces.

Inventory:

Hand Weapons
 a - a +0 trident of flaming (weapon)
Missiles
 d - 3 throwing nets
Armour
 b - a +0 leather armour (worn)
 c - a +0 helmet (worn)
Wands
 e - a wand of flame (16) (quivered)
Scrolls
 i - 2 scrolls of holy word {unknown}
 l - a scroll of identify {unknown}
Potions
 f - a potion of brilliance {unknown}
 h - 3 potions of heal wounds
 j - a potion of flight {unknown}
 k - 2 potions of curing {unknown}


   Skills:
 * Level 3.5 Fighting
 * Level 5.8 Polearms
 + Level 2.6 Throwing
 + Level 4.7 Dodging


You had 3 spell levels left.
You didn't know any spells.
Your spell library was empty.

Dungeon Overview and Level Annotations

Branches:
Dungeon (3/15)

Altars:


Innate Abilities, Weirdness & Mutations

((You are very nimble when in or above water. (Stealth+, EV+, Speed+++)))
Your lower body shifts to a powerful aquatic tail in water.


Message History

Reach: a) +0 trident (flame)
Press: ? - help, Dir - move target You swing at nothing.
Reach: a) +0 trident (flame)
Press: ? - help, Dir - move target You miss something.
Something hits you.
* * * LOW HITPOINT WARNING * * *
An orc wizard appears from thin air!
Reactivating autopickup.
Aiming: Throw Flame
Press: ? - help, Q - select action, (/) - cycle Shift-Dir - straight line, f - orc wizard
Aim: an orc wizard, wielding a +0 dagger and wearing a +0 robe (heavily wounded, 60% to hit)
The puff of flame misses the orc wizard.
The orc wizard hits you with a +0 dagger.
* * * LOW HITPOINT WARNING * * *
Aiming: Throw Flame
Press: ? - help, Q - select action, (/) - cycle Shift-Dir - straight line, f - orc, p - orc wizard
Aim: an orc, wielding a +0 short sword (68% to hit)
The puff of flame hits the orc wizard.
The orc wizard is heavily wounded.
The orc wizard closely misses you.
Aiming: Throw Flame
Press: ? - help, Q - select action, (/) - cycle Shift-Dir - straight line, f/p - orc
Aim: an orc, wielding a +0 short sword (68% to hit)
The puff of flame hits the orc wizard.
The orc wizard is almost dead.
The orc wizard casts a spell at you. You resist with some effort.
You barely miss the orc wizard.
The orc wizard is almost dead.
The orc wizard misses you.
Aiming: Throw Flame
Press: ? - help, Q - select action, (/) - cycle Shift-Dir - straight line, f/p - orc
Aim: an orc, wielding a +0 short sword (68% to hit)
The puff of flame misses the orc wizard.
The puff of flame misses the orc.
The orc wizard points at you and mumbles some strange words.
The puff of flame hits you!
You die...

#### ##..### #...o.#
#.###.### ##.# #...###
#o[# ###...# #o## ###.#
#@########.#######
#†.<....##........
#..###........###......
#.o........... #......
....##..........
#...<.. ..
......<.............
#.............##.....
..(...........# #.....
..#$..........# #.....


You could see an orc wizard and an orc.

Vanquished Creatures
  5 adders
  3 worms (D:2)
  A dart slug (D:2)
  4 endoplasms
  2 giant cockroaches
  4 goblins
  11 hobgoblins
  5 kobolds
  A quokka (D:2)
  4 ball pythons
  4 bats
  A frilled lizard (D:2)
  9 rats
54 creatures vanquished.

Notes
Turn   | Place    | Note
-------+----------+-------------------------------------------
     0 | D:1      | hashsling the Merfolk Gladiator began the quest for the
                  | Orb.
     0 | D:1      | Reached XP level 1. HP: 16/16 MP: 1/1
   248 | D:1      | Reached XP level 2. HP: 23/23 MP: 2/2
   649 | D:2      | Reached XP level 3. HP: 28/28 MP: 3/3
   655 | D:2      | Reached skill level 5 in Polearms
   870 | D:2      | Reached XP level 4. HP: 24/35 MP: 4/4
  1985 | D:3      | Killed from afar by an orc wizard

Illustrated notes

Levels and vault maps discovered:
D:1:      dpeg_arrival_ratfight, layout_basic, serial_park_tiny_pond,
          hangedman_decor_clover_reticule
D:2:      kb_forest_paths, layout_loops_cross
D:3:      layout_rooms

Skill      XL: |  1  2  3 |
---------------+----------+-----
Polearms       | 5 |  5.8
Fighting       | 3 |  3.5
Throwing       | |  2.6
Dodging        | |  4.7

Action                   |  1- 3 |  4- 6 || total
-------------------------+-------+-------++-------
Melee: Trident           |    91 |    91 ||   182
       Punch             |     1 |     2 ||     3
Throw: Javelin           |     4 |     5 ||     9
       Throwing net      |     2 |       ||     2
Evoke: Wand              |       |     8 ||     8
  Use: Scroll            |     2 |       ||     2
       Potion            |       |     1 ||     1
 Stab: Sleeping          |     2 |     2 ||     4
Armor: Leather armour    |    14 |    25 ||    39
Dodge: Dodged            |    39 |    48 ||    87

Table legend: (Time is in decaauts)
 A = Elapsed time spent in this place.
 B = Non-inter-level travel time spent in this place.
 C = Inter-level travel time spent in this place.
 D = Time resting spent in this place.
 E = Time spent auto-exploring this place.
 F = Levels seen in this place.
 G = Mean time per level.
                   A        B        C        D        E       F      G
               +--------+--------+--------+--------+--------+-----+--------+
         Total |   1994 |   1902 |     92 |      0 |   1475 |   3 |  664.7 |
       Dungeon |   1994 |   1902 |     92 |      0 |   1475 |   3 |  664.7 |
               +--------+--------+--------+--------+--------+-----+--------+

Top non-repeatable levels by time:
     D:2: 1257 daAuts
     D:1: 620 daAuts
     D:3: 116 daAuts
